TOP OF THE 1ST |
Toronto (WIN) Blue Jays batting - Pitching for San Diego (WIN) Padres : LHP Blaine Whitmore
|
Pitching: LHP Blaine Whitmore
|
|
Batting: RHB Finn Ross
|
0-0: Called Strike 0-1: Ball 1-1: Called Strike 1-2: Ball 2-2: Strikes out swinging
|
Batting: RHB Darren McCarty Jr.
|
0-0: Called Strike 0-1: Swinging Strike 0-2: Ball 1-2: Fly out, F9 (Flyball, 9D, EV 103.8 MPH)
|
Batting: RHB Brock Van Gilder
|
0-0: Called Strike 0-1: Ball 1-1: Ball 2-1: Swinging Strike 2-2: Fly out, F9 (Flyball, 89XD, EV 109.4 MPH)
|
Top of the 1st over - 0 runs, 0 hits, 0 errors, 0 left on base; Toronto (WIN) 0 - San Diego (WIN) 0 |
BOTTOM OF THE 1ST |
San Diego (WIN) Padres batting - Pitching for Toronto (WIN) Blue Jays : RHP Takehide Tanaka
|
Pitching: RHP Takehide Tanaka
|
|
Batting: LHB Angel Mejia
|
0-0: Called Strike 0-1: Ball 1-1: Ball 2-1: Called Strike 2-2: Ground out 4-3 (Groundball, 34, EV 86.2 MPH)
|
Batting: RHB Wally Cangro
|
0-0: Ball 1-0: Ball 2-0: Ball 3-0: Base on Balls
|
Batting: LHB Ryan Flynn Jr.
|
0-0: Called Strike 0-1: Ball 1-1: Grounds into double play, 5-4-3 (Groundball, 56, EV 102.5 MPH)
|
Bottom of the 1st over - 0 runs, 0 hits, 0 errors, 0 left on base; Toronto (WIN) 0 - San Diego (WIN) 0 |
TOP OF THE 2ND |
Toronto (WIN) Blue Jays batting - Pitching for San Diego (WIN) Padres : LHP Blaine Whitmore
|
Batting: SHB Jack Andrews
|
0-0: Called Strike 0-1: Ball 1-1: Ball 2-1: Ball 3-1: Foul Ball, location: 2F 3-2: Strikes out swinging, 2-3 out at first.
|
Batting: RHB Scott Travis
|
0-0: Fly out, F9 (Flyball, 89M, EV 87.5 MPH)
|
Batting: RHB Danny Heyer
|
0-0: Ball 1-0: Ball 2-0: Ball 3-0: Base on Balls
|
Batting: RHB Chris Martin
|
0-0: Called Strike 0-1: Foul Ball, location: 2F 0-2: Ball 1-2: Strikes out swinging
|
Top of the 2nd over - 0 runs, 0 hits, 0 errors, 1 left on base; Toronto (WIN) 0 - San Diego (WIN) 0 |
BOTTOM OF THE 2ND |
San Diego (WIN) Padres batting - Pitching for Toronto (WIN) Blue Jays : RHP Takehide Tanaka
|
Batting: LHB Chris Moody
|
0-0: Ball 1-0: Ball 2-0: Ball 3-0: Called Strike 3-1: Base on Balls
|
Batting: RHB Rodolfo Rivera
|
0-0: Ball 1-0: Swinging Strike 1-1: Foul Ball, location: 2F 1-2: SINGLE (Groundball, 34D, EV 106.9 MPH) Chris Moody to second Runner from 2nd tries for 3rd, SAFE, throw by RF made to third
|
Batting: RHB Mike Maserang
|
0-0: Ball 1-0: Called Strike 1-1: Ball Rodolfo Rivera is caught stealing 2nd base 2-4 2-1: Ball 3-1: Base on Balls
|
Batting: RHB Freddie Brown
|
0-0: Ball 1-0: Ball 2-0: Fly out, F3 (Popup, 3F, EV 60.6 MPH)
|
Batting: LHB Phil Lerner
|
0-0: Called Strike 0-1: Swinging Strike 0-2: Fielders Choice at 2nd, 6-4 (Groundball, 56, EV 100.6 MPH)
|
Bottom of the 2nd over - 0 runs, 1 hit, 0 errors, 2 left on base; Toronto (WIN) 0 - San Diego (WIN) 0 |
TOP OF THE 3RD |
Toronto (WIN) Blue Jays batting - Pitching for San Diego (WIN) Padres : LHP Blaine Whitmore
|
Batting: RHB Frank Caulfield
|
0-0: Called Strike 0-1: Ground out 5-3 (Groundball, 5, EV 90.0 MPH)
|
Batting: RHB Justin Powell
|
0-0: Ball 1-0: Ground out 6-3 (Groundball, 6, EV 86.9 MPH)
|
Batting: RHB Finn Ross
|
0-0: Ball 1-0: Foul Ball, location: 2F 1-1: Ball 2-1: Fly out, F8 (Flyball, 8LM, EV 86.2 MPH)
|
Top of the 3rd over - 0 runs, 0 hits, 0 errors, 0 left on base; Toronto (WIN) 0 - San Diego (WIN) 0 |
BOTTOM OF THE 3RD |
San Diego (WIN) Padres batting - Pitching for Toronto (WIN) Blue Jays : RHP Takehide Tanaka
|
Batting: LHB Josh Slusarczyk
|
0-0: Called Strike 0-1: Foul Ball, location: 2F 0-2: Strikes out swinging, 2-3 out at first.
|
Batting: LHB Angel Mejia
|
0-0: Ball 1-0: Ball 2-0: Fly out, F7 (Flyball, 7S, EV 90.0 MPH)
|
Batting: RHB Wally Cangro
|
0-0: Fly out, F8 (Line Drive, 8RM, EV 92.5 MPH)
|
Bottom of the 3rd over - 0 runs, 0 hits, 0 errors, 0 left on base; Toronto (WIN) 0 - San Diego (WIN) 0 |
TOP OF THE 4TH |
Toronto (WIN) Blue Jays batting - Pitching for San Diego (WIN) Padres : LHP Blaine Whitmore
|
Batting: RHB Darren McCarty Jr.
|
0-0: Called Strike 0-1: Called Strike 0-2: Ball 1-2: Strikes out swinging
|
Batting: RHB Brock Van Gilder
|
0-0: Ball 1-0: SINGLE (Flyball, 78S, EV 97.5 MPH)
|
Batting: SHB Jack Andrews
|
0-0: Called Strike 0-1: Ball 1-1: Ball 2-1: Foul Ball, location: 2F 2-2: Foul Ball, location: 2F 2-2: SINGLE (Line Drive, 56D, EV 96.9 MPH) Brock Van Gilder to second Runner from 2nd tries for 3rd, OUT! 7-5
|
Batting: RHB Scott Travis
|
0-0: Ball 1-0: Foul Ball, location: 2F 1-1: Called Strike 1-2: TRIPLE (Flyball, 89XD, EV 98.1 MPH) Jack Andrews scores
|
Batting: RHB Danny Heyer
|
0-0: Ball 1-0: Ball 2-0: Swinging Strike 2-1: Ball 3-1: Base on Balls
|
Batting: RHB Chris Martin
|
0-0: Ground out 1-3 (Groundball, 13S, EV 68.8 MPH)
|
Top of the 4th over - 1 run, 3 hits, 0 errors, 2 left on base; Toronto (WIN) 1 - San Diego (WIN) 0 |
BOTTOM OF THE 4TH |
San Diego (WIN) Padres batting - Pitching for Toronto (WIN) Blue Jays : RHP Takehide Tanaka
|
Batting: LHB Ryan Flynn Jr.
|
0-0: Called Strike 0-1: Ball 1-1: Hit by Pitch
|
Batting: LHB Chris Moody
|
0-0: Swinging Strike 0-1: Ball 1-1: Swinging Strike 1-2: Foul Ball, location: 2F 1-2: Fly out, F8 (Flyball, 8RM, EV 78.1 MPH)
|
Batting: RHB Rodolfo Rivera
|
0-0: Hit by Pitch Ryan Flynn Jr. to second
|
Batting: RHB Mike Maserang
|
0-0: Ball 1-0: Ball Ryan Flynn Jr. steals 3rd, throwing error, E2 Ryan Flynn Jr. scores Rodolfo Rivera to third 2-0: Called Strike 2-1: Ball 3-1: Swinging Strike 3-2: Foul Ball, location: 2F 3-2: Foul Ball, location: 2F 3-2: Strikes out swinging
|
Batting: RHB Freddie Brown
|
0-0: Swinging Strike 0-1: Foul Ball, location: 2F 0-2: Ball 1-2: Ball 2-2: Foul Ball, location: 2F 2-2: Strikes out swinging
|
Bottom of the 4th over - 1 run, 0 hits, 1 error, 1 left on base; Toronto (WIN) 1 - San Diego (WIN) 1 |
TOP OF THE 5TH |
Toronto (WIN) Blue Jays batting - Pitching for San Diego (WIN) Padres : LHP Blaine Whitmore
|
Batting: RHB Frank Caulfield
|
0-0: Ball 1-0: SINGLE (Line Drive, 89S, EV 101.9 MPH)
|
Batting: RHB Justin Powell
|
0-0: Ball 1-0: Foul Ball, location: 2F 1-1: Called Strike 1-2: Strikes out looking
|
Batting: RHB Finn Ross
|
0-0: Ball 1-0: Ball Frank Caulfield steals 2nd base (no throw) 2-0: Called Strike 2-1: Fly out, F9 (Flyball, 89M, EV 80.0 MPH)
|
Batting: RHB Darren McCarty Jr.
|
0-0: Ball 1-0: Called Strike 1-1: Ball 2-1: Ball 3-1: Foul Ball, location: 2F 3-2: Base on Balls
|
Batting: RHB Brock Van Gilder
|
0-0: Fly out, F9 (Flyball, 9D, EV 81.9 MPH)
|
Top of the 5th over - 0 runs, 1 hit, 0 errors, 2 left on base; Toronto (WIN) 1 - San Diego (WIN) 1 |
BOTTOM OF THE 5TH |
San Diego (WIN) Padres batting - Pitching for Toronto (WIN) Blue Jays : RHP Takehide Tanaka
|
Batting: LHB Phil Lerner
|
0-0: SINGLE (Line Drive, 4MD, EV 98.8 MPH)
|
Batting: LHB Josh Slusarczyk
|
0-0: Called Strike 0-1: Foul Ball, location: 2F 0-2: Strikes out swinging
|
Batting: LHB Angel Mejia
|
Balk! Phil Lerner to second 0-0: Called Strike 0-1: Foul Ball, location: 2F 0-2: Ball 1-2: Strikes out swinging
|
Batting: RHB Wally Cangro
|
0-0: Called Strike 0-1: Foul Ball, location: 2F 0-2: Foul Ball, location: 2F 0-2: Foul Ball, location: 2F 0-2: Strikes out swinging
|
Bottom of the 5th over - 0 runs, 1 hit, 0 errors, 1 left on base; Toronto (WIN) 1 - San Diego (WIN) 1 |
TOP OF THE 6TH |
Toronto (WIN) Blue Jays batting - Pitching for San Diego (WIN) Padres : LHP Blaine Whitmore
|
Batting: SHB Jack Andrews
|
0-0: Ball 1-0: Foul Ball, location: 2F 1-1: Called Strike 1-2: Foul Ball, location: 2F 1-2: Ground out 5-3 (Groundball, 56S, EV 88.1 MPH)
|
Batting: RHB Scott Travis
|
0-0: Ball 1-0: Swinging Strike 1-1: Swinging Strike 1-2: Foul Ball, location: 2F 1-2: Ball 2-2: Fly out, F9 (Flyball, 89S, EV 95.6 MPH)
|
Batting: RHB Danny Heyer
|
0-0: Called Strike 0-1: Called Strike 0-2: Strikes out looking
|
Top of the 6th over - 0 runs, 0 hits, 0 errors, 0 left on base; Toronto (WIN) 1 - San Diego (WIN) 1 |
BOTTOM OF THE 6TH |
San Diego (WIN) Padres batting - Pitching for Toronto (WIN) Blue Jays : RHP Takehide Tanaka
|
Batting: LHB Ryan Flynn Jr.
|
0-0: Ball 1-0: Ball 2-0: Ball 3-0: Base on Balls
|
Batting: LHB Chris Moody
|
0-0: Called Strike 0-1: Fielders Choice at 2nd, 4-6 (Groundball, 4M, EV 80.0 MPH)
|
Batting: RHB Rodolfo Rivera
|
0-0: Swinging Strike 0-1: Foul Ball, location: 2F 0-2: Foul Ball, location: 2F 0-2: Ball Balk! Chris Moody to second 1-2: Ball 2-2: Foul Ball, location: 2F 2-2: Ball 3-2: Strikes out swinging
|
Batting: RHB Mike Maserang
|
0-0: Ball 1-0: Ground out 6-3 (Groundball, 56, EV 98.8 MPH)
|
Bottom of the 6th over - 0 runs, 0 hits, 0 errors, 1 left on base; Toronto (WIN) 1 - San Diego (WIN) 1 |
TOP OF THE 7TH |
Toronto (WIN) Blue Jays batting - Pitching for San Diego (WIN) Padres : LHP Blaine Whitmore
|
Batting: RHB Chris Martin
|
0-0: Ball 1-0: Swinging Strike 1-1: SINGLE (Groundball, 6MD, EV 108.1 MPH)
|
Batting: RHB Frank Caulfield
|
0-0: Sac Bunt to 15S - play at first, batter OUT! 1-3 Chris Martin to second
|
Batting: RHB Justin Powell
|
0-0: Ball 1-0: Foul Ball, location: 2F 1-1: Ball 2-1: Fly out, F7 (Flyball, 7, EV 88.8 MPH)
|
Batting: RHB Finn Ross
|
0-0: Called Strike 0-1: Fly out, F4 (Popup, 34, EV 64.4 MPH)
|
Top of the 7th over - 0 runs, 1 hit, 0 errors, 1 left on base; Toronto (WIN) 1 - San Diego (WIN) 1 |
BOTTOM OF THE 7TH |
San Diego (WIN) Padres batting - Pitching for Toronto (WIN) Blue Jays : RHP Takehide Tanaka
|
Batting: RHB Freddie Brown
|
0-0: Called Strike 0-1: Foul Ball, location: 2F 0-2: Ball 1-2: Strikes out swinging
|
Batting: LHB Phil Lerner
|
0-0: Ball 1-0: Ball 2-0: Ball 3-0: Called Strike 3-1: Called Strike 3-2: Fly out, F8 (Line Drive, 78M, EV 94.4 MPH)
|
Pitching: LHP Dylan Batstone
|
|
Batting: LHB Josh Slusarczyk
|
0-0: Swinging Strike 0-1: Swinging Strike 0-2: Ball 1-2: Strikes out swinging
|
Bottom of the 7th over - 0 runs, 0 hits, 0 errors, 0 left on base; Toronto (WIN) 1 - San Diego (WIN) 1 |
TOP OF THE 8TH |
Toronto (WIN) Blue Jays batting - Pitching for San Diego (WIN) Padres : LHP Blaine Whitmore
|
Batting: RHB Darren McCarty Jr.
|
0-0: Foul Ball, location: 2F 0-1: Foul Ball, location: 2F 0-2: Fly out, F8 (Flyball, 8LD, EV 83.1 MPH)
|
Batting: RHB Brock Van Gilder
|
0-0: Ball 1-0: Ball 2-0: Called Strike 2-1: DOUBLE (Line Drive, 78XD, EV 108.1 MPH)
|
Pitching: RHP Angelo Radford
|
|
Batting: SHB Jack Andrews
|
0-0: Ball 1-0: Ball 2-0: Ball 3-0: Called Strike 3-1: Foul Ball, location: 2F 3-2: Foul Ball, location: 2F 3-2: SINGLE (Flyball, 78S, EV 88.1 MPH) Brock Van Gilder to third Runner from 3rd tries for Home, SAFE, throw by LF to home
|
Batting: RHB Scott Travis
|
0-0: Ball 1-0: Ball 2-0: Ball 3-0: Called Strike 3-1: Swinging Strike 3-2: Ground out 5-3 (Groundball, 5S, EV 85.6 MPH) Jack Andrews to second
|
Batting: RHB Danny Heyer
|
0-0: Ball 1-0: Called Strike 1-1: Foul Ball, location: 2F 1-2: Ball 2-2: Foul Ball, location: 2F 2-2: Ground out 5-3 (Groundball, 56, EV 95.0 MPH)
|
Top of the 8th over - 1 run, 2 hits, 0 errors, 1 left on base; Toronto (WIN) 2 - San Diego (WIN) 1 |
BOTTOM OF THE 8TH |
San Diego (WIN) Padres batting - Pitching for Toronto (WIN) Blue Jays : LHP Dylan Batstone
|
Pinch Hitting: RHB Jaden Scott
|
0-0: SOLO HOME RUN (Flyball, 7D, EV 101.2 MPH), Distance : 385 ft
|
Batting: RHB Wally Cangro
|
0-0: Ball 1-0: Ball 2-0: Fly out, F7 (Line Drive, 78M, EV 88.8 MPH)
|
Batting: LHB Ryan Flynn Jr.
|
0-0: Ball 1-0: Foul Ball, location: 2F 1-1: Fly out, F8 (Line Drive, 8LD, EV 108.8 MPH)
|
Batting: LHB Chris Moody
|
0-0: SINGLE (Groundball, 3D, EV 102.5 MPH)
|
Batting: RHB Rodolfo Rivera
|
0-0: Ball 1-0: Called Strike Chris Moody is caught stealing 2nd base 2-4
|
Bottom of the 8th over - 1 run, 2 hits, 0 errors, 0 left on base; Toronto (WIN) 2 - San Diego (WIN) 2 |
TOP OF THE 9TH |
Toronto (WIN) Blue Jays batting - Pitching for San Diego (WIN) Padres : RHP Angelo Radford
|
Pitching: RHP Arturo Diaz
|
|
Now at 2B: Jaden Scott
|
|
Now at SS: Mike Maserang
|
|
Batting: RHB Chris Martin
|
0-0: Ball 1-0: Foul Ball, location: 2F 1-1: Swinging Strike 1-2: Ball 2-2: Ball 3-2: Strikes out swinging
|
Pinch Hitting: LHB Rodrigo Briceno
|
0-0: Called Strike 0-1: Called Strike 0-2: Ball 1-2: Foul Ball, location: 2F 1-2: Foul Ball, location: 2F 1-2: Ball 2-2: Ground out 1-3 (Groundball, 13S, EV 66.2 MPH)
|
Batting: RHB Justin Powell
|
0-0: Foul Ball, location: 2F 0-1: Foul Ball, location: 2F 0-2: Ball 1-2: Strikes out looking
|
Top of the 9th over - 0 runs, 0 hits, 0 errors, 0 left on base; Toronto (WIN) 2 - San Diego (WIN) 2 |
BOTTOM OF THE 9TH |
San Diego (WIN) Padres batting - Pitching for Toronto (WIN) Blue Jays : LHP Dylan Batstone
|
Now at 1B: Rodrigo Briceno
|
|
Now at 2B: Darren McCarty Jr.
|
|
Batting: RHB Rodolfo Rivera
|
0-0: Called Strike 0-1: Ball 1-1: Swinging Strike 1-2: Strikes out looking
|
Batting: RHB Mike Maserang
|
0-0: Swinging Strike 0-1: Swinging Strike 0-2: Strikes out swinging
|
Batting: RHB Freddie Brown
|
0-0: Ball 1-0: Called Strike 1-1: Foul Ball, location: 2F 1-2: Ball 2-2: SINGLE (Groundball, 4MD, EV 102.5 MPH)
|
Batting: RHB Joe Weissman
|
|
Pitching: RHP Jose Ramos
|
0-0: Ball 1-0: Ground out 4-3 (Groundball, 4, EV 86.9 MPH)
|
Bottom of the 9th over - 0 runs, 1 hit, 0 errors, 1 left on base; Toronto (WIN) 2 - San Diego (WIN) 2 |
TOP OF THE 10TH |
Toronto (WIN) Blue Jays batting - Pitching for San Diego (WIN) Padres : RHP Arturo Diaz
|
Batting: RHB Finn Ross
|
0-0: Ball 1-0: Foul Ball, location: 2F 1-1: Called Strike 1-2: Ball 2-2: Fly out, F8 (Line Drive, 8RM, EV 89.4 MPH)
|
Batting: RHB Darren McCarty Jr.
|
0-0: Called Strike 0-1: Foul Ball, location: 2F 0-2: Ball 1-2: Foul Ball, location: 2F 1-2: Strikes out looking
|
Batting: RHB Brock Van Gilder
|
0-0: Ball 1-0: Ball 2-0: Ball 3-0: Called Strike 3-1: Base on Balls
|
Batting: SHB Jack Andrews
|
0-0: Called Strike Brock Van Gilder is caught stealing 2nd base 2-6
|
Top of the 10th over - 0 runs, 0 hits, 0 errors, 0 left on base; Toronto (WIN) 2 - San Diego (WIN) 2 |
BOTTOM OF THE 10TH |
San Diego (WIN) Padres batting - Pitching for Toronto (WIN) Blue Jays : RHP Jose Ramos
|
Pitching: LHP Mario Amore
|
|
Batting: LHB Josh Slusarczyk
|
0-0: Called Strike 0-1: Called Strike 0-2: Strikes out swinging
|
Batting: RHB Jaden Scott
|
0-0: Foul Ball, location: 2F 0-1: Swinging Strike 0-2: Foul Ball, location: 2F 0-2: Strikes out swinging
|
Batting: RHB Wally Cangro
|
0-0: Ball 1-0: Called Strike 1-1: Called Strike 1-2: Strikes out swinging
|
Bottom of the 10th over - 0 runs, 0 hits, 0 errors, 0 left on base; Toronto (WIN) 2 - San Diego (WIN) 2 |
TOP OF THE 11TH |
Toronto (WIN) Blue Jays batting - Pitching for San Diego (WIN) Padres : RHP Arturo Diaz
|
Batting: SHB Jack Andrews
|
0-0: Swinging Strike 0-1: Swinging Strike 0-2: Strikes out swinging
|
Batting: RHB Scott Travis
|
0-0: Called Strike 0-1: Ball 1-1: Swinging Strike 1-2: Strikes out looking
|
Batting: RHB Danny Heyer
|
0-0: Ball 1-0: Ball 2-0: Ball 3-0: Called Strike 3-1: Foul Ball, location: 2F 3-2: Base on Balls
|
Batting: RHB Chris Martin
|
0-0: Fly out, F8 (Flyball, 8RXD, EV 78.8 MPH)
|
Top of the 11th over - 0 runs, 0 hits, 0 errors, 1 left on base; Toronto (WIN) 2 - San Diego (WIN) 2 |
BOTTOM OF THE 11TH |
San Diego (WIN) Padres batting - Pitching for Toronto (WIN) Blue Jays : LHP Mario Amore
|
Batting: LHB Ryan Flynn Jr.
|
0-0: Ball 1-0: Foul Ball, location: 2F 1-1: Called Strike 1-2: Ball 2-2: Ball 3-2: Base on Balls
|
Batting: LHB Chris Moody
|
0-0: Called Strike 0-1: Foul Ball, location: 2F 0-2: Fielders Choice at 2nd, 3-6 (Groundball, 3, EV 90.6 MPH)
|
Batting: RHB Rodolfo Rivera
|
0-0: Ball 1-0: Fly out, F9 (Line Drive, 89S, EV 83.8 MPH)
|
Batting: RHB Mike Maserang
|
0-0: Ball 1-0: Ball 2-0: Ball 3-0: Foul Ball, location: 2F 3-1: Fly out, F9 (Flyball, 89S, EV 81.2 MPH)
|
Bottom of the 11th over - 0 runs, 0 hits, 0 errors, 1 left on base; Toronto (WIN) 2 - San Diego (WIN) 2 |
TOP OF THE 12TH |
Toronto (WIN) Blue Jays batting - Pitching for San Diego (WIN) Padres : RHP Arturo Diaz
|
Pitching: RHP Ching Ge
|
|
Batting: LHB Rodrigo Briceno
|
0-0: Foul Ball, location: 2F 0-1: Ground out 4-3 (Groundball, 4S, EV 90.0 MPH)
|
Batting: RHB Justin Powell
|
0-0: Called Strike 0-1: Foul Ball, location: 2F 0-2: Ball 1-2: Strikes out swinging
|
Batting: RHB Finn Ross
|
0-0: DOUBLE (Line Drive, 8RXD, EV 103.1 MPH)
|
Batting: RHB Darren McCarty Jr.
|
0-0: Foul Ball, location: 2F 0-1: Called Strike 0-2: Ball 1-2: Strikes out looking
|
Top of the 12th over - 0 runs, 1 hit, 0 errors, 1 left on base; Toronto (WIN) 2 - San Diego (WIN) 2 |
BOTTOM OF THE 12TH |
San Diego (WIN) Padres batting - Pitching for Toronto (WIN) Blue Jays : LHP Mario Amore
|
Pitching: RHP Gilberto Dominguez
|
|
Batting: RHB Freddie Brown
|
0-0: Fly out, F9 (Flyball, 89XD, EV 99.4 MPH)
|
Batting: RHB Joe Weissman
|
0-0: Foul Ball, location: 2F 0-1: Ball 1-1: Swinging Strike 1-2: Strikes out swinging
|
Batting: LHB Josh Slusarczyk
|
0-0: Called Strike 0-1: Called Strike 0-2: Ball 1-2: Ball 2-2: Strikes out swinging
|
Bottom of the 12th over - 0 runs, 0 hits, 0 errors, 0 left on base; Toronto (WIN) 2 - San Diego (WIN) 2 |
TOP OF THE 13TH |
Toronto (WIN) Blue Jays batting - Pitching for San Diego (WIN) Padres : RHP Ching Ge
|
Batting: RHB Brock Van Gilder
|
0-0: Called Strike 0-1: Ball 1-1: Ball 2-1: Ball 3-1: Called Strike 3-2: Foul Ball, location: 2F 3-2: Strikes out swinging
|
Batting: SHB Jack Andrews
|
0-0: Ball 1-0: Called Strike 1-1: SINGLE (Groundball, P, EV 79.4 MPH) (infield hit)
|
Batting: RHB Scott Travis
|
0-0: Ball 1-0: Ball 2-0: Ball 3-0: Base on Balls Jack Andrews to second
|
Batting: RHB Danny Heyer
|
0-0: SINGLE (Line Drive, 6M, EV 102.5 MPH) Jack Andrews to third Scott Travis to second
|
Batting: RHB Chris Martin
|
0-0: Ball 1-0: Called Strike 1-1: Foul Ball, location: 2F 1-2: Ball 2-2: Foul Ball, location: 2F 2-2: Ball 3-2: SINGLE (Flyball, 78S, EV 93.1 MPH) Jack Andrews scores Scott Travis to third Danny Heyer to second
|
Batting: LHB Rodrigo Briceno
|
0-0: Ball 1-0: Ball 2-0: Foul Ball, location: 2F 2-1: SINGLE (Line Drive, 6D, EV 98.8 MPH) Scott Travis scores Danny Heyer to third Chris Martin to second Runner from 3rd tries for Home, SAFE, throw by CF to home
|
Batting: RHB Justin Powell
|
0-0: Swinging Strike 0-1: Ball Passed Ball! Chris Martin to third Rodrigo Briceno to second 1-1: Called Strike 1-2: Foul Ball, location: 2F 1-2: Foul Ball, location: 2F 1-2: Ball 2-2: Ball 3-2: Strikes out looking
|
Batting: RHB Finn Ross
|
0-0: Intentional Walk
|
Batting: RHB Darren McCarty Jr.
|
0-0: Fly out, F8 (Flyball, 8LXD, EV 88.8 MPH)
|
Top of the 13th over - 3 runs, 4 hits, 0 errors, 3 left on base; Toronto (WIN) 5 - San Diego (WIN) 2 |
BOTTOM OF THE 13TH |
San Diego (WIN) Padres batting - Pitching for Toronto (WIN) Blue Jays : RHP Gilberto Dominguez
|
Batting: RHB Jaden Scott
|
0-0: Ball 1-0: Foul Ball, location: 2F 1-1: Swinging Strike 1-2: Foul Ball, location: 2F 1-2: Foul Ball, location: 2F 1-2: Strikes out swinging, 2-3 out at first.
|
Batting: RHB Wally Cangro
|
0-0: Swinging Strike 0-1: Ball 1-1: Ground out 4-3 (Groundball, 34, EV 88.1 MPH)
|
Batting: LHB Ryan Flynn Jr.
|
0-0: Called Strike 0-1: Ball 1-1: Foul Ball, location: 2F 1-2: Fly out, F8 (Flyball, 8RD, EV 100.6 MPH)
|
Bottom of the 13th over - 0 runs, 0 hits, 0 errors, 0 left on base; Toronto (WIN) 5 - San Diego (WIN) 2 |
|